 Dungeon Crawl Stone Soup version 0.19.5 (webtiles) character file.

31625 Mitia the Severer (level 13, -10/157 HPs)
             Began as a Demonspawn Berserker on Apr 21, 2017.
             Was a High Priest of Trog.
             Mangled by a 12-headed hydra (14 damage)
             ... on level 6 of the Lair of Beasts.
             The game lasted 01:10:02 (16839 turns).

Mitia the Severer (Demonspawn Berserker)           Turns: 16839, Time: 01:10:02

Health: -10/157    AC: 22    Str: 27    XL:     13   Next: 27%
Magic:  0/4        EV: 14    Int: 15    God:    Trog [*****.]
Gold:   944        SH:  0    Dex: 14    Spells: 0 memorised, 12 levels left

rFire  . . .     SeeInvis .     P - +8 broad axe (antimagic)
rCold  + . .     Gourm    .     k - +6 ring mail "Wununwao" {Int+7}
rNeg   . . .     Faith    .     (no shield)
rPois  +         Spirit   +     (helmet unavailable)
rElec  .         Reflect  .     B - +2 cloak {rPois}
rCorr  .         Harm     .     (no gloves)
MR     +....                    i - +1 pair of boots
Stlth  ..........               s - amulet of guardian spirit
                                E - ring of protection from magic
                                t - ring of stealth

@: berserking, very quick
A: horns 3, icy blue scales 3, powered by pain 2, rot immunity
a: Berserk, Trog's Hand, Brothers in Arms, Burn Spellbooks, Renounce Religion


You were on level 6 of the Lair of Beasts.
You worshipped Trog.
Trog was extremely pleased with you.
You were hungry.

You visited 2 branches of the dungeon, and saw 16 of its levels.

You collected 944 gold pieces.

Inventory:

Hand Weapons
 v - a +5 battleaxe of flaming
 P - a +8 antimagic broad axe (weapon)
Armour
 i - a +1 pair of boots (worn)
 k - the +6 ring mail "Wununwao" (worn) {Int+7}
   (You found it on level 2 of the Lair of Beasts)

   It affects your intelligence (+7).
 B - a +2 cloak of poison resistance (worn)
Jewellery
 c - an uncursed ring of ice
 h - an uncursed ring of resist corrosion
 s - an amulet of guardian spirit (around neck)
 t - a ring of stealth (left hand)
 E - a ring of protection from magic (right hand)
 O - an uncursed amulet of regeneration {unknown}
Wands
 l - a wand of lightning (7/15)
 n - a wand of random effects (30/48)
 y - a wand of polymorph (9/24)
 z - a wand of acid (9/15)
 A - a wand of paralysis (7/24)
 C - a wand of flame (12/48)
 F - a wand of iceblast (2/15)
 H - a wand of digging (9/24)
 J - a wand of flame (30/48)
 Q - a wand of polymorph (16/24)
 S - a wand of lightning (7/15)
 T - a wand of iceblast (8/15)
 U - a wand of heal wounds (4/9)
Scrolls
 b - a scroll of blinking
 e - 6 scrolls of fog
 j - 4 scrolls of teleportation
 o - 7 scrolls of remove curse
 q - a scroll of recharging
 r - 4 scrolls of magic mapping
Potions
 a - 2 potions of might
 d - 3 potions of brilliance
 m - 2 potions of flight
 u - a potion of haste
 x - 3 potions of agility
 G - a potion of magic
 I - 3 potions of cancellation
 L - a potion of cure mutation
 M - 3 potions of curing
 R - a potion of mutation {unknown}
Comestibles
 f - 10 bread rations
 g - 2 meat rations
 p - 3 slices of pizza
 w - 7 beef jerkies
 D - 10 royal jellies
 K - 2 fruits
 N - 4 chunks of flesh


   Skills:
 + Level 10.8 Fighting
 + Level 15.2 Axes
 * Level 9.4 Armour
 + Level 5.0 Dodging


You had 12 spell levels left.
You didn't know any spells.

Dungeon Overview and Level Annotations

Branches:
Dungeon (10/15)            Temple (0/1) D:6            Lair (6/6) D:10
  Swamp (0/4) Lair:3        Snake (0/4) Lair:4
  Slime: Lair:5-6       Orc: D:9-12

Altars:
Dithmenos
Elyvilon
Makhleb
Qazlal
Sif Muna
Vehumet


Innate Abilities, Weirdness & Mutations

You have a pair of large horns on your head.
You are completely covered in icy blue scales. (AC +4, rC+)
You sometimes gain power by taking damage.
You are immune to rotting.


Message History

* * * LOW HITPOINT WARNING * * *
The ten-headed hydra bites you.
* * * LOW HITPOINT WARNING * * *
You slice one of the ten-headed hydra's heads off!
The nine-headed hydra grows two more!
You slice the 11-headed hydra!!
The 11-headed hydra is moderately wounded.
You hack one of the 11-headed hydra's heads off!
The ten-headed hydra grows two more!
You slice the 12-headed hydra!! You headbutt the 12-headed hydra!
The 12-headed hydra is severely wounded.
The 12-headed hydra closely misses you.
The 12-headed hydra completely misses you.
The 12-headed hydra closely misses you.
The 12-headed hydra barely misses you. x2
The 12-headed hydra bites you.
* * * LOW HITPOINT WARNING * * *
The 12-headed hydra bites you!
* * * LOW HITPOINT WARNING * * *
The 12-headed hydra bites you but does no damage.
The 12-headed hydra bites you!
You die...

..##...... ..##
P.................
...##.................
#.##P.................
#....................
##..................
#.#..............#
##.PP...........D#
#...P........(..@#
#................#
###...#......##.##
########.###### ###


You could see a 12-headed hydra.

Vanquished Creatures
  Snorg (Lair:5)
  4 hydras
  A catoblepas (Lair:5)
  An unseen horror (D:10)
  The ghost of BDPvPro the Cutter, a novice HuWn of the Shining One (D:7)
  3 hill giants (D:10)
  Maurice (D:9)
  Joseph (Lair:1)
  3 black mambas
  A gargoyle (D:10)
  6 spiny frogs
  2 rime drakes
  3 komodo dragons
  A queen bee (Lair:2)
  A polar bear (Lair:5)
  Prince Ribbit (Lair:2)
  2 two-headed ogres (D:10)
  7 hippogriffs
  14 blink frogs
  6 spriggans (Lair:4)
  29 yaks
  A basilisk (Lair:2)
  Eustachio (D:5)
  A hungry ghost (D:10)
  Menkaure (D:4)
  2 nagas (Lair:4)
  10 water moccasins
  9 porcupines
  3 orc warriors (D:8)
  6 ice beasts
  2 black bears
  An eye of draining (D:10)
  A necrophage (D:10)
  6 ogres
  14 wolves
  2 centaurs
  8 crocodiles
  2 big kobolds
  11 bullfrogs
  3 scorpions
  35 killer bees
  2 howler monkeys (D:5)
  A crimson imp (D:10)
  A centaur zombie (D:9)
  2 orc priests
  3 jellies
  A gnoll shaman (D:4)
  5 hounds
  7 orc wizards
  2 bullfrog skeletons
  3 centaur skeletons
  Terence (D:3)
  Crazy Yiuf (D:3)
  Natasha (thrice) (D:3)
  3 iguanas
  7 worker ants
  2 killer bee zombies (D:10)
  A hound skeleton (D:4)
  A worker ant zombie (D:6)
  10 adders
  19 gnolls
  5 oozes
  3 adder zombies
  3 worms
  7 leopard geckos
  49 orcs
  3 giant cockroaches
  5 goblins (D:1)
  4 hobgoblins
  8 jackals
  14 kobolds
  8 quokkas
  A ball python (D:3)
  11 bats
  6 frilled lizards
  A leopard gecko zombie (D:3)
  A quokka skeleton (D:6)
  5 rats
  A fungus (Lair:5)
  2 plants (Lair:4)
420 creatures vanquished.

Vanquished Creatures (others)
  A hippogriff (Lair:6)
  A crocodile (Lair:6)
  An orc wizard (D:4)
  3 fungi
6 creatures vanquished.

Grand Total: 426 creatures vanquished

Notes
Turn   | Place    | Note
-------+----------+-------------------------------------------
     0 | D:1      | Mitia the Demonspawn Berserker began the quest for the Orb.
     0 | D:1      | Reached XP level 1. HP: 18/18 MP: 1/1
   315 | D:1      | Gained mutation: You have a pair of small horns on your head. [demonic ancestry]
   315 | D:1      | Reached XP level 2. HP: 22/24 MP: 2/2
   427 | D:1      | Reached skill level 3 in Axes
   725 | D:1      | Gained mutation: You have a pair of horns on your head. [demonic ancestry]
   725 | D:1      | Reached XP level 3. HP: 9/29 MP: 3/3
  1084 | D:2      | Reached ** piety under Trog
  1619 | D:3      | Reached XP level 4. HP: 37/37 MP: 4/4
  1947 | D:3      | Noticed Natasha
  1958 | D:3      | Killed Natasha
  1958 | D:3      | Gained mutation: You sometimes gain a little power by taking damage. [demonic ancestry]
  1958 | D:3      | Reached XP level 5. HP: 32/43 MP: 5/5
  1966 | D:3      | Noticed Natasha
  1981 | D:3      | Killed Natasha
  1981 | D:3      | Reached skill level 4 in Axes
  2284 | D:3      | Noticed Terence
  2294 | D:3      | Killed Terence
  2397 | D:3      | Noticed Natasha
  2424 | D:3      | Killed Natasha
  2829 | D:3      | Gained mutation: You are partially covered in icy blue scales. (AC +2) [demonic ancestry]
  2829 | D:3      | Reached XP level 6. HP: 38/49 MP: 6/6
  3147 | D:3      | Found a runed door.
  3151 | D:3      | Noticed Crazy Yiuf
  3161 | D:3      | Killed Crazy Yiuf
  3453 | D:4      | Found a burning altar of Makhleb.
  3549 | D:4      | Reached skill level 5 in Axes
  3552 | D:4      | Reached *** piety under Trog
  3958 | D:4      | Gained mutation: You are mostly covered in icy blue scales. (AC +3) [demonic ancestry]
  3958 | D:4      | Reached XP level 7. HP: 47/55 MP: 7/7
  4020 | D:4      | Reached skill level 5 in Fighting
  4151 | D:4      | Noticed Menkaure
  4157 | D:4      | Killed Menkaure
  4320 | D:4      | Reached skill level 6 in Axes
  4648 | D:5      | Entered Level 5 of the Dungeon
  4758 | D:5      | Gained mutation: You are completely covered in icy blue scales. (AC +4, rC+) [demonic ancestry]
  4758 | D:5      | Reached XP level 8. HP: 55/63 MP: 8/8
  5029 | D:5      | Noticed Eustachio
  5029 | D:5      | Reached skill level 7 in Axes
  5042 | D:5      | Killed Eustachio
  5161 | D:5      | Reached **** piety under Trog
  5675 | D:6      | Reached skill level 8 in Axes
  5689 | D:6      | Got a crystal hand axe
  5779 | D:6      | Identified the +5 hand axe of Poverty {holy, rElec rC+ Str+4} (You found it on level 6 of the Dungeon)
  5803 | D:6      | Found a staircase to the Ecumenical Temple.
  5906 | D:6      | Gained mutation: You are immune to rotting. [demonic ancestry]
  5906 | D:6      | Reached XP level 9. HP: 66/71 MP: 9/9
  5947 | D:6      | Found a deep blue altar of Sif Muna.
  6282 | D:7      | Noticed BDPvPro's ghost (novice HuWn)
  6304 | D:7      | Killed BDPvPro's ghost
  6304 | D:7      | Reached skill level 9 in Axes
  6304 | D:7      | Reached skill level 5 in Armour
  7168 | D:8      | Reached skill level 10 in Axes
  7188 | D:8      | Reached ***** piety under Trog
  7379 | D:8      | Found a stormy altar of Qazlal.
  7379 | D:8      | Found a white marble altar of Elyvilon.
  7386 | D:8      | Found a faded altar of an unknown god.
  7388 | D:8      | Found a faded altar of an unknown god.
  7390 | D:8      | Found a shadowy altar of Dithmenos.
  7541 | D:9      | Gained mutation: You have a pair of large horns on your head. [demonic ancestry]
  7541 | D:9      | Reached XP level 10. HP: 79/79 MP: 10/10
  7564 | D:9      | Noticed Maurice
  7587 | D:9      | Killed Maurice
  7801 | D:9      | Found a radiant altar of Vehumet.
  8316 | D:10     | Entered Level 10 of the Dungeon
  8328 | D:10     | Reached skill level 11 in Axes
  8387 | D:10     | Received a gift from Trog
  8485 | D:10     | Killed an unseen horror
  8721 | D:10     | Noticed a hill giant
  8727 | D:10     | Killed a hill giant
  8950 | D:10     | Noticed a hill giant
  8950 | D:10     | Found a staircase to the Lair.
  8957 | D:10     | Killed a hill giant
  9067 | D:10     | Reached XP level 11. HP: 67/86 MP: 8/11
  9388 | D:10     | Noticed a hill giant
  9396 | D:10     | Killed a hill giant
 10086 | Lair:1   | Entered Level 1 of the Lair of Beasts
 10148 | Lair:1   | Reached skill level 12 in Axes
 10161 | Lair:1   | Noticed Joseph
 10176 | Lair:1   | Killed Joseph
 10334 | Lair:1   | Noticed a seven-headed hydra
 10340 | Lair:1   | Killed a three-headed hydra
 11180 | Lair:2   | Reached skill level 13 in Axes
 11381 | Lair:2   | Noticed Prince Ribbit
 11406 | Lair:2   | Gained mutation: You sometimes gain power by taking damage. [demonic ancestry]
 11406 | Lair:2   | Reached XP level 12. HP: 95/95 MP: 10/12
 11434 | Lair:2   | Killed Prince Ribbit
 11509 | Lair:2   | Noticed a seven-headed hydra
 11515 | Lair:2   | Killed a five-headed hydra
 11544 | Lair:2   | Got a pearl-encrusted ring mail
 11555 | Lair:2   | Identified the +6 ring mail "Wununwao" {Int+7} (You found it on level 2 of the Lair of Beasts)
 11825 | Lair:2   | Reached skill level 14 in Axes
 12777 | Lair:3   | Reached skill level 10 in Fighting
 12896 | Lair:3   | Noticed a six-headed hydra
 12903 | Lair:3   | Killed a three-headed hydra
 13267 | Lair:3   | Found a staircase to the Swamp.
 13520 | Lair:4   | Received a gift from Trog
 13619 | Lair:4   | Found a staircase to the Snake Pit.
 14402 | Lair:4   | Reached skill level 15 in Axes
 14402 | Lair:4   | Reached XP level 13. HP: 104/104 MP: 4/13
 15124 | Lair:5   | Noticed Snorg
 15137 | Lair:5   | Killed Snorg
 16617 | Lair:5   | Reached skill level 5 in Dodging
 16708 | Lair:6   | Entered Level 6 of the Lair of Beasts
 16839 | Lair:6   | HP: 4/157 [12-headed hydra (14)]
 16839 | Lair:6   | Mangled by a 12-headed hydra

Skill      XL: |  1  2  3  4  5  6  7  8  9 10 11 12 13 |
---------------+----------------------------------------+-----
Axes           | 3 4 5 6 8 10 11 13 15 | 15.2
Dodging        | 2 3 4 5 |  5.0
Fighting       | 4 5 6 7 8 9 10 | 10.8
Armour         | 2 3 4 6 7 8 9 |  9.4

Action                   |  1- 3 |  4- 6 |  7- 9 | 10-12 | 13-15 || total
-------------------------+-------+-------+-------+-------+-------++-------
Melee: Hand axe          |   112 |   133 |       |       |       ||   245
       Headbutt          |    13 |    36 |    61 |    99 |    24 ||   233
       War axe           |       |    99 |   331 |   130 |       ||   560
       Battleaxe         |       |       |       |   358 |       ||   358
       Broad axe         |       |       |       |    51 |   104 ||   155
Invok: Berserk           |     2 |     1 |     4 |     3 |     2 ||    12
       Burn Spellbooks   |     1 |       |     2 |     1 |     1 ||     5
       Trog's Hand       |       |     1 |     3 |     2 |       ||     6
  Use: Potion            |     3 |     4 |     4 |     6 |     2 ||    19
       Scroll            |     6 |     3 |    10 |    14 |     2 ||    35
 Stab: Sleeping          |       |       |       |     2 |       ||     2
  Eat: Bread ration      |     1 |     1 |     1 |       |     1 ||     4
       Chunk             |       |     4 |     3 |    10 |     5 ||    22
       Meat ration       |       |     1 |     1 |     2 |       ||     4
       Beef jerky        |       |       |       |     2 |       ||     2
       Royal jelly       |       |       |       |     2 |       ||     2
Armor: Animal skin       |     8 |       |       |       |       ||     8
       Leather armour    |    18 |       |       |       |       ||    18
       Chain mail        |    15 |   162 |   220 |       |       ||   397
       Ring mail         |     1 |       |       |   101 |   108 ||   210
       Skin              |       |     2 |       |    34 |       ||    36
       Plate armour      |       |       |     4 |   354 |       ||   358
Dodge: Dodged            |    64 |   115 |   197 |   293 |   117 ||   786
